 Dungeon Crawl Stone Soup version 0.17.1-1-g73c8601 (webtiles) character file.

5364 Implojin the Grappler (level 10, -1/88 HPs)
             Began as a Troll Fighter on Apr 4, 2016.
             Was a Follower of Okawaru.
             Slain by a swamp dragon (shapeshifter) (3 damage)
             ... on level 9 of the Dungeon.
             The game lasted 00:14:45 (2572 turns).

Implojin the Grappler (Troll Fighter)               Turns: 2572, Time: 00:14:45

Health: -1/88      AC: 10    Str: 26    XL:     10   Next: 39%
Magic:  7/9        EV: 12    Int:  4    God:    Okawaru [*.....]
Gold:   295        SH: 12    Dex: 12    Spells: 0 memorised, 9 levels left

rFire  . . .     SeeInvis .       - Unarmed
rCold  . . .     Clarity  .     a - +0 robe
rNeg   . . .     SustAt   +     b - +1 shield
rPois  .         Gourm    +     (helmet restricted)
rElec  .         Spirit   .     (no cloak)
rCorr  .         Warding  .     (gloves unavailable)
rMut   .         Stasis   .     (boots unavailable)
MR     .....                    (no amulet)
Stlth  ++........               o - ring of sustain attributes
                                h - +5 ring of protection

@: lethally poisoned (-1 -> -40), heroism, very slightly contaminated, not
resistant to hostile enchantments, unstealthy
A: unfitting armour, claws 3, fast metabolism 3, gourmand, regeneration 2,
shaggy fur 1, tough skin 2
a: Heroism, Renounce Religion


You were on level 9 of the Dungeon.
You worshipped Okawaru.
Okawaru was aware of your devotion.
You were not hungry.

You visited 2 branches of the dungeon, and saw 12 of its levels.

You collected 295 gold pieces.

Inventory:

Missiles
 t - a throwing net (quivered)
Armour
 a - a +0 robe (worn)
 b - a +1 shield (worn)
Magical Staves
 r - an uncursed staff of energy {unknown}
 A - an uncursed staff of earth {unknown}
Jewellery
 h - a +5 ring of protection (left claw)
 o - a ring of sustain attributes (right claw)
Wands
 q - a wand of hasting (2)
 s - a wand of polymorph (15)
Scrolls
 f - 2 scrolls of blinking
 g - a scroll of recharging
Potions
 c - 2 potions of might
 e - 3 potions of lignification
 j - a potion of haste {unknown}
 k - a potion of mutation {unknown}
 m - 3 potions of flight
 u - a potion of ambrosia {unknown}
 w - a potion of degeneration {unknown}
 z - a potion of cure mutation {unknown}
Books
 l - a book of Hinderance

   Spells                             Type                      Level
   a - Confusing Touch                Hexes                        2
   b - Confuse                        Hexes                        3
   c - Gell's Gravitas                Hexes/Translocation          3
   d - Petrify                        Transmutation/Earth          4
   e - Metabolic Englaciation         Hexes/Ice                    5
 y - a book of Summonings

   Spells                             Type                      Level
   a - Recall                         Summoning/Translocation      3
   b - Aura of Abjuration             Summoning                    5
   c - Shadow Creatures               Summoning                    5
   d - Summon Demon                   Summoning                    5
   e - Summon Forest                  Summoning/Translocation      5
   f - Summon Mana Viper              Hexes/Summoning              5
Comestibles
 d - 9 bread rations
 i - 14 fruits
 n - 5 chunks of flesh
 p - 8 beef jerkies
 v - 2 meat rations
 x - a slice of pizza


   Skills:
 - Level 2.4(7.4) Fighting
 - Level 2.4(7.4) Dodging
 - Level 2.4(7.4) Shields
 * Level 14.8(19.8) Unarmed Combat


You had 9 spell levels left.
You didn't know any spells.

Dungeon Overview and Level Annotations

Branches:
Dungeon (11/15)            Temple (1/1) D:4
   Lair: D:8-11         Orc: D:9-12

Altars:
Ashenzari
Cheibriados
Dithmenos
Elyvilon
Fedhas
Kikubaaqudgha
Makhleb
Okawaru
Ru
Sif Muna
Vehumet
Xom
Zin
The Shining One

Shops:
D:6 [}   D:7 *


Innate Abilities, Weirdness & Mutations

You are too large for most types of armour.
You have claws for hands.
Your metabolism is lightning-fast.
You like to eat raw meat.
You heal very quickly.
You are covered in fur (AC +1).
You have very tough skin (AC +2).


Message History

* * * LOW HITPOINT WARNING * * *
The swamp dragon claws you!
* * * LOW HITPOINT WARNING * * *
The swamp dragon tramples you but does no damage.
You gain the combat prowess of a mighty hero.
You feel slightly more hungry.
The swamp dragon breathes poison at you.
The blast of poison engulfs you!
You are poisoned.
* * * LOW HITPOINT WARNING * * *
Unknown command.
You scratch the swamp dragon.
The swamp dragon is moderately wounded.
You are engulfed in poison gas.
You are more poisoned.
* * * LOW HITPOINT WARNING * * *
You feel sick.
Unknown command.
You closely miss the swamp dragon.
The swamp dragon is moderately wounded.
You are engulfed in poison gas.
You are more poisoned.
* * * LOW HITPOINT WARNING * * *
* * * LOW HITPOINT WARNING * * *
You feel sick. You block the swamp dragon's attack.
You block the swamp dragon's attack.
The swamp dragon tramples you but does no damage.
Drink which item? (? for menu, Esc to quit)
Okay, then.
You mangle the swamp dragon!!
The swamp dragon is severely wounded.
You are engulfed in poison gas.
You are lethally poisoned!
* * * LOW HITPOINT WARNING * * *
* * * LOW HITPOINT WARNING * * *
You feel very sick. The swamp dragon bites you!!
* * * LOW HITPOINT WARNING * * *
The swamp dragon claws you.
You die...

#.# #.# #.#
####.# ..#.#
##########.#.#
#..#.§#§§#.#.#
#.)÷.§§§§#...#
##'####@##...#
#..# #8D#.#.#
#..# #.8#.#.#
##'#+##'##.#.#
#..#.$'..#...# #
#..#..#..#...#
#..#'########.#.#
#.............#.#
#.#.##...######.#


You could see a swamp dragon shaped shifter.

Vanquished Creatures
  An unseen horror (shapeshifter) (D:9)
  The ghost of Implojin the Grappler, a novice TrFi of Okawaru (D:7)
  A griffon (D:9)
  A gargoyle (D:9)
  Grinder (D:4)
  A tarantella (shapeshifter) (D:9)
  5 yaks
  2 black bears
  4 ogres
  3 sky beasts
  2 ice beasts
  A phantom (D:6)
  2 centaurs
  A big kobold (D:8)
  2 giant frogs
  Blork the orc (D:6)
  7 killer bees
  A quasit (D:8)
  A centaur zombie (D:7)
  A gnoll shaman (D:5)
  3 giant frog zombies
  A hound (D:8)
  3 worker ants
  4 orc wizards
  2 iguanas
  Natasha (D:3)
  2 hound skeletons
  16 gnolls
  7 adders
  An adder zombie (D:1)
  2 worms (D:2)
  17 orcs
  A ball python (D:3)
  A bat zombie (D:1)
  A giant cockroach (D:4)
  2 goblins
  3 hobgoblins
  3 quokkas
  A bat (D:2)
  A giant gecko (D:9)
  A giant gecko zombie (D:6)
  A jackal skeleton (D:7)
  4 kobolds
  A quokka zombie (D:7)
  A rat (D:3)
119 creatures vanquished.

Notes
Turn   | Place    | Note
--------------------------------------------------------------
     0 | D:1      | Implojin the Troll Fighter began the quest for the Orb.
     0 | D:1      | Reached XP level 1. HP: 22/22 MP: 0/0
   131 | D:2      | Reached XP level 2. HP: 23/29 MP: 1/1
   149 | D:2      | Found a faded altar to an unknown god.
   153 | D:2      | Reached skill level 3 in Unarmed Combat
   190 | D:3      | Found a deep blue altar of Sif Muna.
   190 | D:3      | Noticed Natasha
   195 | D:3      | Killed Natasha
   195 | D:3      | Reached skill level 4 in Unarmed Combat
   195 | D:3      | Reached XP level 3. HP: 36/36 MP: 2/2
   242 | D:2      | Reached XP level 4. HP: 15/44 MP: 3/3
   270 | D:3      | Found a shattered altar of Ashenzari.
   300 | D:3      | You fall through a shaft!
   308 | D:5      | Entered Level 5 of the Dungeon
   314 | D:5      | Reached skill level 5 in Unarmed Combat
   334 | D:5      | Reached XP level 5. HP: 38/50 MP: 4/4
   363 | D:5      | Found a glowing golden altar of the Shining One.
   496 | D:6      | Found Nayfo's Antique Armour Shoppe.
   534 | D:6      | Reached skill level 6 in Unarmed Combat
   538 | D:6      | Noticed a phantom
   551 | D:6      | Killed a phantom
   551 | D:6      | Reached XP level 6. HP: 33/59 MP: 5/5
   677 | D:7      | Found a snail-covered altar of Cheibriados.
   685 | D:7      | Reached skill level 7 in Unarmed Combat
   690 | D:7      | Noticed a yak
   691 | D:7      | Noticed a yak
   691 | D:7      | Noticed a yak
   692 | D:7      | Noticed a yak
   693 | D:7      | Noticed a yak
   708 | D:7      | Killed a yak
   708 | D:7      | Reached XP level 7. HP: 40/66 MP: 6/6
   722 | D:6      | Noticed a sky beast
   774 | D:5      | Reached skill level 8 in Unarmed Combat
   804 | D:5      | Noticed a sky beast
   822 | D:5      | Killed a sky beast
   824 | D:6      | Noticed a black bear
   828 | D:6      | Killed a black bear
   873 | D:6      | Killed a yak
   873 | D:6      | Reached skill level 9 in Unarmed Combat
   890 | D:6      | Killed a sky beast
   890 | D:6      | Reached XP level 8. HP: 51/74 MP: 7/7
   935 | D:7      | Killed a yak
   935 | D:7      | Reached skill level 10 in Unarmed Combat
   938 | D:7      | Killed a yak
   947 | D:7      | Killed a yak
   953 | D:7      | Reached skill level 11 in Unarmed Combat
  1024 | D:7      | Found a sacrificial altar of Ru.
  1194 | D:7      | Found Yfyn's Assorted Antiques.
  1209 | D:7      | Noticed Implojin's ghost (novice TrFi)
  1229 | D:7      | Killed Implojin's ghost
  1229 | D:7      | Reached skill level 12 in Unarmed Combat
  1229 | D:7      | Reached XP level 9. HP: 45/80 MP: 8/8
  1257 | D:7      | Found a blossoming altar of Fedhas.
  1305 | D:7      | Found a shadowy altar of Dithmenos.
  1437 | D:6      | Found Fagak's Gadget Shoppe.
  1437 | D:6      | Noticed Blork the orc
  1448 | D:6      | Killed Blork the orc
  1661 | D:4      | Found a burning altar of Makhleb.
  1795 | D:4      | Noticed Grinder
  1804 | D:4      | Killed Grinder
  1846 | D:4      | Noticed an ogre
  1850 | D:4      | Killed an ogre
  1850 | D:4      | Reached skill level 13 in Unarmed Combat
  1948 | D:4      | Found a staircase to the Ecumenical Temple.
  1976 | Temple   | Entered the Ecumenical Temple
  1989 | Temple   | Became a worshipper of Warmaster Okawaru
  2342 | D:10     | Entered Level 10 of the Dungeon
  2369 | D:11     | Reached * piety under Okawaru
  2397 | D:10     | Reached XP level 10. HP: 61/88 MP: 6/9
  2401 | D:10     | Reached skill level 14 in Unarmed Combat
  2528 | D:9      | Found a runed door.
  2528 | D:9      | Noticed a gargoyle
  2533 | D:9      | Killed a gargoyle
  2536 | D:9      | Noticed a griffon
  2539 | D:9      | Killed a griffon
  2562 | D:9      | Noticed a swamp dragon
  2562 | D:9      | a black bear changed into a swamp dragon
  2567 | D:9      | Killed an unseen horror
  2572 | D:9      | HP: 2/88 [swamp dragon (shapeshifter) (18)]
  2572 | D:9      | Slain by a swamp dragon (shapeshifter)

Action                   |  1- 3 |  4- 6 |  7- 9 | 10-12 || total
-------------------------+-------+-------+-------+-------++-------
Melee: Unarmed           |    51 |   122 |   263 |    23 ||   459
Invok: Heroism           |       |       |     1 |     2 ||     3
Evoke: Wand              |       |       |       |     1 ||     1
  Use: Scroll            |       |     4 |     6 |     1 ||    11
 Stab: Sleeping          |       |     1 |       |     1 ||     2
  Eat: Chunk             |     7 |     5 |     7 |     1 ||    20
       Fruit             |       |       |       |     4 ||     4

Table legend:
 A = Turns spent in this place as a percentage of turns spent in the entire game.
 B = Non-inter-level travel turns spent in this place as a percentage of non-inter-level travel turns spent in the entire game.
 C = Inter-level travel turns spent in this place as a percentage of turns spent in this place.
 D = Turns resting spent in this place as a percentage of non-inter-level travel turns spent in this place.
 E = Turns spent auto-exploring this place as a percentage of non-inter-level travel turns spent in this place.
 F = Non-inter-level travel turns spent in this place divided by the number of levels of this place that you've seen.
                   A       B       C       D       E      F
               +-------+-------+-------+-------+-------+----------------------
         Total | 100.0 | 100.0 |   0.0 |   0.0 |   0.0 | 203.6
       Dungeon |  98.9 |  98.9 |   0.0 |   0.0 |   0.0 | 219.6
        Temple |   1.1 |   1.1 |   0.0 |   0.0 |   0.0 |  27.0
               +-------+-------+-------+-------+-------+----------------------

Table legend:
 A = Kills in this place as a percentage of kills in entire the game.
 B = Kills by you in this place as a percentage of kills by you in the entire game.
 C = Kills by friends in this place as a percentage of kills by friends in the entire game.
 D = Other kills in this place as a percentage of other kills in the entire game.
 E = Experience gained in this place as a percentage of experience gained in the entire game.
 F = Experience gained in this place divided by the number of levels of this place that you have seen.
                   A       B       C       D       E      F
               +-------+-------+-------+-------+-------+----------------------
         Total | 100.0 | 100.0 |  -nan |  -nan | 100.0 | 638.7
       Dungeon | 100.0 | 100.0 |  -nan |  -nan | 100.0 | 696.7
               +-------+-------+-------+-------+-------+----------------------
